Workbook
Name PRINT_AREA: #N/A
Name PRINT_AREA: #N/A
Name PRINT_AREA_MI: #N/A
Name PRINT_AREA_MI: #N/A
Name PRINT_TITLES: #N/A
Name PRINT_TITLES: #N/A
Name PRINT_TITLES_MI: #N/A
Name PRINT_TITLES_MI: #N/A

Sheet INFORME FINAL
A1: FONDO DE DESARROLLO LOCAL DE USAQUEN
A2: CONCURSO DE MERITOS ABIERTO - FDLUSA-CMA-004-2023
A3: INTERVENTORÍA TÉCNICA, ADMINISTRA-TIVA, FINANCIERA, JURÍDICA, AMBIENTAL Y SOCIAL AL CONTRATO DE OBRA PÚBLICA RESULTANTE DEL PROCESO DE LICITACIÓN PÚBLICA CUYO OBJETO ES: CONTRATAR POR EL SISTEMA DE PRECIOS UNITARIOS FIJOS Y A MONTO AGOTABLE EL MANTENIMIENTO Y/O ADECUACIÓN Y/O REPARACIÓN DEL EQUIPAMIENTO CULTURAL CDC TEATRO SERVITÁ UBICADO EN LA CALLE 165 No. 7-52.”
B5: OFERENTE | C5: EVALUACIÓN FINANCIERA | D5: EVALUACIÓN JURIDICA | E5: EVALUACIÓN TÉCNICA | F5: EVALUACION JURIDICA | G5: INFORME FINAL | H5: OBSERVACIONES
A6: 1 | B6: VELNEC S.A. | E6: CUMPLE | F6: CUMPLE
A7: 2 | B7: ANZA INGENIERIA | E7: CUMPLE | F7: CUMPLE
A8: 3 | B8: JET INGENIERIA SAS | E8: CUMPLE | F8: CUMPLE
A9: 4 | B9: CONSORCIO TEATRO AM | E9: CUMPLE | F9: RECHAZADO | H9: NO CUMPLE JURIDICAMENTE
A10: 5 | B10: HUPK S.A.S. | E10: CUMPLE | F10: CUMPLE
A11: 6 | B11: GB10 CONSULTORES S.A.S. | E11: CUMPLE | F11: CUMPLE
A12: 7 | B12: Camilo Moncaleano | E12: CUMPLE | F12: RECHAZADO | H12: NO CUMPLE JURIDICAMENTE
A13: 8 | B13: CONSORCIO ING SERVITÁ | E13: CUMPLE | F13: CUMPLE
A14: 9 | B14: flm ingenieros contratistas consultores S.A.S. | E14: CUMPLE | F14: CUMPLE
A15: 10 | B15: R&M CONSTRUCCIONES E INTERVENTORIAS S.A.S. | E15: CUMPLE | F15: CUMPLE
A16: 11 | B16: IA ingenieria y Arquitectura de Colombia SAS | E16: CUMPLE | F16: CUMPLE
A17: 12 | B17: PROYECTOS URBANOS Y CONSTRUCCIONES DEL CARIBE S.A.S | E17: RECHAZADO | F17: CUMPLE
A18: 13 | B18: KRIBA INGENIEROS LTDA | E18: CUMPLE | F18: RECHAZADO | H18: NO CUMPLE JURIDICAMENTE

Sheet EVA HABILITANTE PROFESIONALES 
A1: FONDO DE DESARROLLO LOCAL DE USAQUEN
A2: =+'INFORME FINAL'!A2:H2 -> CONCURSO DE MERITOS ABIERTO - FDLUSA-CMA-004-2023
A3: REQUISITOS HABILITANTES TÉCNICOS PROFESIONALES DIRECTOR Y RESIDENTE
A6: =+'INFORME FINAL'!A6 -> 1 | D6: =+'INFORME FINAL'!B6 -> VELNEC S.A.
A7: CONDICIONES DE EXPERIENCIA | D7: CONDICION DIRECTOR DE INTERVENTORIA | F7: CONDICION RESIDENTE | G7: Observación y respuesta a observaciones
A8: Objeto del Contrato | B8: Empleador | C8: Cargo | D8: Postgrado en gerencia de proyectos o gerencia de construccion, o gerencia de obras o gerencia de empresas constructoras o similares | E8: Experiencia General (6 años general / 4 CONTRATOS especificos director) | F8: Experiencia MINIMA DE 3 AÑOS Y 1 CONTRATO ESPECIFICAO COMO RESIDENTE
A16: EXPERIENCIA DEL DIRECTOR | D16: CUMPLE | E16: CUMPLE | F16: N/A | G16: CUMPLE
A23: EXPERIENCIA DEL RESIDENTE 1 | D23: N/A | E23: N/A | F23: CUMPLE | G23: CUMPLE
A30: EXPERIENCIA DEL RESIDENTE 2 | D30: N/A | E30: N/A | F30: CUMPLE | G30: CUMPLE
A32: =+'INFORME FINAL'!A7 -> 2 | D32: =+'INFORME FINAL'!B7 -> ANZA INGENIERIA
A33: CONDICIONES DE EXPERIENCIA | D33: CONDICION DIRECTOR DE INTERVENTORIA | F33: CONDICION RESIDENTE | G33: Observación y respuesta a observaciones
A34: Objeto del Contrato | B34: Empleador | C34: Cargo | D34: Postgrado en gerencia de proyectos o gerencia de construccion, o gerencia de obras o gerencia de empresas constructoras o similares | E34: Experiencia General (6 años general / 4 CONTRATOS especificos director) | F34: Experiencia MINIMA DE 3 AÑOS Y 1 CONTRATO ESPECIFICAO COMO RESIDENTE
A42: EXPERIENCIA DEL DIRECTOR | D42: CUMPLE | E42: CUMPLE | F42: N/A | G42: CUMPLE
A49: EXPERIENCIA DEL RESIDENTE 1 | D49: N/A | E49: N/A | F49: CUMPLE | G49: CUMPLE
A56: EXPERIENCIA DEL RESIDENTE 2 | D56: N/A | E56: N/A | F56: CUMPLE | G56: CUMPLE
A58: =+'INFORME FINAL'!A8 -> 3 | D58: =+'INFORME FINAL'!B8 -> JET INGENIERIA SAS
A59: CONDICIONES DE EXPERIENCIA | D59: CONDICION DIRECTOR DE INTERVENTORIA | F59: CONDICION RESIDENTE | G59: Observación y respuesta a observaciones
A60: Objeto del Contrato | B60: Empleador | C60: Cargo | D60: Postgrado en gerencia de proyectos o gerencia de construccion, o gerencia de obras o gerencia de empresas constructoras o similares | E60: Experiencia General (6 años general / 4 CONTRATOS especificos director) | F60: Experiencia MINIMA DE 3 AÑOS Y 1 CONTRATO ESPECIFICAO COMO RESIDENTE
A68: EXPERIENCIA DEL DIRECTOR | D68: CUMPLE | E68: CUMPLE | F68: N/A | G68: CUMPLE
A75: EXPERIENCIA DEL RESIDENTE 1 | D75: N/A | E75: N/A | F75: CUMPLE | G75: CUMPLE
A82: EXPERIENCIA DEL RESIDENTE 2 | D82: N/A | E82: N/A | F82: CUMPLE | G82: CUMPLE
A84: =+'INFORME FINAL'!A9 -> 4 | D84: =+'INFORME FINAL'!B9 -> CONSORCIO TEATRO AM
A85: CONDICIONES DE EXPERIENCIA | D85: CONDICION DIRECTOR DE INTERVENTORIA | F85: CONDICION RESIDENTE | G85: Observación y respuesta a observaciones
A86: Objeto del Contrato | B86: Empleador | C86: Cargo | D86: Postgrado en gerencia de proyectos o gerencia de construccion, o gerencia de obras o gerencia de empresas constructoras o similares | E86: Experiencia General (6 años general / 4 CONTRATOS especificos director) | F86: Experiencia MINIMA DE 3 AÑOS Y 1 CONTRATO ESPECIFICAO COMO RESIDENTE
A94: EXPERIENCIA DEL DIRECTOR | D94: CUMPLE | E94: CUMPLE | F94: N/A | G94: CUMPLE
A101: EXPERIENCIA DEL RESIDENTE 1 | D101: N/A | E101: N/A | F101: CUMPLE | G101: CUMPLE
A108: EXPERIENCIA DEL RESIDENTE 2 | D108: N/A | E108: N/A | F108: CUMPLE | G108: CUMPLE
A110: =+'INFORME FINAL'!A10 -> 5 | D110: =+'INFORME FINAL'!B10 -> HUPK S.A.S.
A111: CONDICIONES DE EXPERIENCIA | D111: CONDICION DIRECTOR DE INTERVENTORIA | F111: CONDICION RESIDENTE | G111: Observación y respuesta a observaciones
A112: Objeto del Contrato | B112: Empleador | C112: Cargo | D112: Postgrado en gerencia de proyectos o gerencia de construccion, o gerencia de obras o gerencia de empresas constructoras o similares | E112: Experiencia General (6 años general / 4 CONTRATOS especificos director) | F112: Experiencia MINIMA DE 3 AÑOS Y 1 CONTRATO ESPECIFICAO COMO RESIDENTE
A120: EXPERIENCIA DEL DIRECTOR | D120: CUMPLE | E120: CUMPLE | F120: N/A | G120: CUMPLE
A127: EXPERIENCIA DEL RESIDENTE 1 | D127: N/A | E127: N/A | F127: CUMPLE | G127: CUMPLE
A134: EXPERIENCIA DEL RESIDENTE 2 | D134: N/A | E134: N/A | F134: CUMPLE | G134: CUMPLE
A136: =+'INFORME FINAL'!A11 -> 6 | D136: =+'INFORME FINAL'!B11 -> GB10 CONSULTORES S.A.S.
A137: CONDICIONES DE EXPERIENCIA | D137: CONDICION DIRECTOR DE INTERVENTORIA | F137: CONDICION RESIDENTE | G137: Observación y respuesta a observaciones
A138: Objeto del Contrato | B138: Empleador | C138: Cargo | D138: Postgrado en gerencia de proyectos o gerencia de construccion, o gerencia de obras o gerencia de empresas constructoras o similares | E138: Experiencia General (6 años general / 4 CONTRATOS especificos director) | F138: Experiencia MINIMA DE 3 AÑOS Y 1 CONTRATO ESPECIFICAO COMO RESIDENTE
A146: EXPERIENCIA DEL DIRECTOR | D146: CUMPLE | E146: CUMPLE | F146: N/A | G146: CUMPLE
A153: EXPERIENCIA DEL RESIDENTE 1 | D153: N/A | E153: N/A | F153: CUMPLE | G153: CUMPLE
A160: EXPERIENCIA DEL RESIDENTE 2 | D160: N/A | E160: N/A | F160: CUMPLE | G160: CUMPLE
A162: =+'INFORME FINAL'!A12 -> 7 | D162: =+'INFORME FINAL'!B12 -> Camilo Moncaleano
A163: CONDICIONES DE EXPERIENCIA | D163: CONDICION DIRECTOR DE INTERVENTORIA | F163: CONDICION RESIDENTE | G163: Observación y respuesta a observaciones
A164: Objeto del Contrato | B164: Empleador | C164: Cargo | D164: Postgrado en gerencia de proyectos o gerencia de construccion, o gerencia de obras o gerencia de empresas constructoras o similares | E164: Experiencia General (6 años general / 4 CONTRATOS especificos director) | F164: Experiencia MINIMA DE 3 AÑOS Y 1 CONTRATO ESPECIFICAO COMO RESIDENTE
A172: EXPERIENCIA DEL DIRECTOR | D172: CUMPLE | E172: CUMPLE | F172: N/A | G172: CUMPLE
A179: EXPERIENCIA DEL RESIDENTE 1 | D179: N/A | E179: N/A | F179: CUMPLE | G179: CUMPLE
A186: EXPERIENCIA DEL RESIDENTE 2 | D186: N/A | E186: N/A | F186: CUMPLE | G186: CUMPLE
A188: =+'INFORME FINAL'!A13 -> 8 | D188: =+'INFORME FINAL'!B13 -> CONSORCIO ING SERVITÁ
A189: CONDICIONES DE EXPERIENCIA | D189: CONDICION DIRECTOR DE INTERVENTORIA | F189: CONDICION RESIDENTE | G189: Observación y respuesta a observaciones
A190: Objeto del Contrato | B190: Empleador | C190: Cargo | D190: Postgrado en gerencia de proyectos o gerencia de construccion, o gerencia de obras o gerencia de empresas constructoras o similares | E190: Experiencia General (6 años general / 4 CONTRATOS especificos director) | F190: Experiencia MINIMA DE 3 AÑOS Y 1 CONTRATO ESPECIFICAO COMO RESIDENTE
A198: EXPERIENCIA DEL DIRECTOR | D198: CUMPLE | E198: CUMPLE | F198: N/A | G198: CUMPLE
A205: EXPERIENCIA DEL RESIDENTE 1 | D205: N/A | E205: N/A | F205: CUMPLE | G205: CUMPLE
A212: EXPERIENCIA DEL RESIDENTE 2 | D212: N/A | E212: N/A | F212: CUMPLE | G212: CUMPLE
A214: =+'INFORME FINAL'!A14 -> 9 | D214: =+'INFORME FINAL'!B14 -> flm ingenieros contratistas consultores S.A.S.
A215: CONDICIONES DE EXPERIENCIA | D215: CONDICION DIRECTOR DE INTERVENTORIA | F215: CONDICION RESIDENTE | G215: Observación y respuesta a observaciones
A216: Objeto del Contrato | B216: Empleador | C216: Cargo | D216: Postgrado en gerencia de proyectos o gerencia de construccion, o gerencia de obras o gerencia de empresas constructoras o similares | E216: Experiencia General (6 años general / 4 CONTRATOS especificos director) | F216: Experiencia MINIMA DE 3 AÑOS Y 1 CONTRATO ESPECIFICAO COMO RESIDENTE
A224: EXPERIENCIA DEL DIRECTOR | D224: CUMPLE | E224: CUMPLE | F224: N/A | G224: CUMPLE
A231: EXPERIENCIA DEL RESIDENTE 1 | D231: N/A | E231: N/A | F231: CUMPLE | G231: CUMPLE
A238: EXPERIENCIA DEL RESIDENTE 2 | D238: N/A | E238: N/A | F238: CUMPLE | G238: CUMPLE
A240: =+'INFORME FINAL'!A15 -> 10 | D240: =+'INFORME FINAL'!B15 -> R&M CONSTRUCCIONES E INTERVENTORIAS S.A.S.
A241: CONDICIONES DE EXPERIENCIA | D241: CONDICION DIRECTOR DE INTERVENTORIA | F241: CONDICION RESIDENTE | G241: Observación y respuesta a observaciones
A242: Objeto del Contrato | B242: Empleador | C242: Cargo | D242: Postgrado en gerencia de proyectos o gerencia de construccion, o gerencia de obras o gerencia de empresas constructoras o similares | E242: Experiencia General (6 años general / 4 CONTRATOS especificos director) | F242: Experiencia MINIMA DE 3 AÑOS Y 1 CONTRATO ESPECIFICAO COMO RESIDENTE
A250: EXPERIENCIA DEL DIRECTOR | D250: CUMPLE | E250: CUMPLE | F250: N/A | G250: CUMPLE
A257: EXPERIENCIA DEL RESIDENTE 1 | D257: N/A | E257: N/A | F257: CUMPLE | G257: CUMPLE
A264: EXPERIENCIA DEL RESIDENTE 2 | D264: N/A | E264: N/A | F264: CUMPLE | G264: CUMPLE
A266: =+'INFORME FINAL'!A16 -> 11 | D266: =+'INFORME FINAL'!B16 -> IA ingenieria y Arquitectura de Colombia SAS
A267: CONDICIONES DE EXPERIENCIA | D267: CONDICION DIRECTOR DE INTERVENTORIA | F267: CONDICION RESIDENTE | G267: Observación y respuesta a observaciones
A268: Objeto del Contrato | B268: Empleador | C268: Cargo | D268: Postgrado en gerencia de proyectos o gerencia de construccion, o gerencia de obras o gerencia de empresas constructoras o similares | E268: Experiencia General (6 años general / 4 CONTRATOS especificos director) | F268: Experiencia MINIMA DE 3 AÑOS Y 1 CONTRATO ESPECIFICAO COMO RESIDENTE
A276: EXPERIENCIA DEL DIRECTOR | D276: CUMPLE | E276: CUMPLE | F276: N/A | G276: CUMPLE
A283: EXPERIENCIA DEL RESIDENTE 1 | D283: N/A | E283: N/A | F283: CUMPLE | G283: CUMPLE
A290: EXPERIENCIA DEL RESIDENTE 2 | D290: N/A | E290: N/A | F290: CUMPLE | G290: CUMPLE
A292: =+'INFORME FINAL'!A17 -> 12 | D292: =+'INFORME FINAL'!B17 -> PROYECTOS URBANOS Y CONSTRUCCIONES DEL CARIBE S.A.S
A293: CONDICIONES DE EXPERIENCIA | D293: CONDICION DIRECTOR DE INTERVENTORIA | F293: CONDICION RESIDENTE | G293: Observación y respuesta a observaciones
A294: Objeto del Contrato | B294: Empleador | C294: Cargo | D294: Postgrado en gerencia de proyectos o gerencia de construccion, o gerencia de obras o gerencia de empresas constructoras o similares | E294: Experiencia General (6 años general / 4 CONTRATOS especificos director) | F294: Experiencia MINIMA DE 3 AÑOS Y 1 CONTRATO ESPECIFICAO COMO RESIDENTE
A302: EXPERIENCIA DEL DIRECTOR | D302: CUMPLE | E302: CUMPLE | F302: N/A | G302: CUMPLE
A309: EXPERIENCIA DEL RESIDENTE 1 | D309: N/A | E309: N/A | F309: CUMPLE | G309: CUMPLE
A316: EXPERIENCIA DEL RESIDENTE 2 | D316: N/A | E316: N/A | F316: CUMPLE | G316: CUMPLE
A318: =+'INFORME FINAL'!A18 -> 13 | D318: =+'INFORME FINAL'!B18 -> KRIBA INGENIEROS LTDA
A319: CONDICIONES DE EXPERIENCIA | D319: CONDICION DIRECTOR DE INTERVENTORIA | F319: CONDICION RESIDENTE | G319: Observación y respuesta a observaciones
A320: Objeto del Contrato | B320: Empleador | C320: Cargo | D320: Postgrado en gerencia de proyectos o gerencia de construccion, o gerencia de obras o gerencia de empresas constructoras o similares | E320: Experiencia General (6 años general / 4 CONTRATOS especificos director) | F320: Experiencia MINIMA DE 3 AÑOS Y 1 CONTRATO ESPECIFICAO COMO RESIDENTE
A328: EXPERIENCIA DEL DIRECTOR | D328: CUMPLE | E328: CUMPLE | F328: N/A | G328: CUMPLE
A335: EXPERIENCIA DEL RESIDENTE 1 | D335: N/A | E335: N/A | F335: CUMPLE | G335: CUMPLE
A342: EXPERIENCIA DEL RESIDENTE 2 | D342: N/A | E342: N/A | F342: CUMPLE | G342: CUMPLE
A344: =+'INFORME FINAL'!#REF! -> #REF! | D344: =+'INFORME FINAL'!#REF! -> #REF!
A345: CONDICIONES DE EXPERIENCIA | D345: CONDICION DIRECTOR DE INTERVENTORIA | F345: CONDICION RESIDENTE | G345: Observación y respuesta a observaciones
A346: Objeto del Contrato | B346: Empleador | C346: Cargo | D346: Postgrado en gerencia de proyectos o gerencia de construccion, o gerencia de obras o gerencia de empresas constructoras o similares | E346: Experiencia General (6 años general / 4 CONTRATOS especificos director) | F346: Experiencia MINIMA DE 3 AÑOS Y 1 CONTRATO ESPECIFICAO COMO RESIDENTE
A354: EXPERIENCIA DEL DIRECTOR | D354: CUMPLE | E354: CUMPLE | F354: N/A | G354: CUMPLE
A361: EXPERIENCIA DEL RESIDENTE 1 | D361: N/A | E361: N/A | F361: CUMPLE | G361: CUMPLE
A368: EXPERIENCIA DEL RESIDENTE 2 | D368: N/A | E368: N/A | F368: CUMPLE | G368: CUMPLE
A370: =+'INFORME FINAL'!#REF! -> #REF! | D370: =+'INFORME FINAL'!#REF! -> #REF!
A371: CONDICIONES DE EXPERIENCIA | D371: CONDICION DIRECTOR DE INTERVENTORIA | F371: CONDICION RESIDENTE | G371: Observación y respuesta a observaciones
A372: Objeto del Contrato | B372: Empleador | C372: Cargo | D372: Postgrado en gerencia de proyectos o gerencia de construccion, o gerencia de obras o gerencia de empresas constructoras o similares | E372: Experiencia General (6 años general / 4 CONTRATOS especificos director) | F372: Experiencia MINIMA DE 3 AÑOS Y 1 CONTRATO ESPECIFICAO COMO RESIDENTE
A380: EXPERIENCIA DEL DIRECTOR | D380: CUMPLE | E380: CUMPLE | F380: N/A | G380: CUMPLE
A387: EXPERIENCIA DEL RESIDENTE 1 | D387: N/A | E387: N/A | F387: CUMPLE | G387: CUMPLE
A394: EXPERIENCIA DEL RESIDENTE 2 | D394: N/A | E394: N/A | F394: CUMPLE | G394: CUMPLE
A396: =+'INFORME FINAL'!#REF! -> #REF! | D396: =+'INFORME FINAL'!#REF! -> #REF!
A397: CONDICIONES DE EXPERIENCIA | D397: CONDICION DIRECTOR DE INTERVENTORIA | F397: CONDICION RESIDENTE | G397: Observación y respuesta a observaciones
A398: Objeto del Contrato | B398: Empleador | C398: Cargo | D398: Postgrado en gerencia de proyectos o gerencia de construccion, o gerencia de obras o gerencia de empresas constructoras o similares | E398: Experiencia General (6 años general / 4 CONTRATOS especificos director) | F398: Experiencia MINIMA DE 3 AÑOS Y 1 CONTRATO ESPECIFICAO COMO RESIDENTE
A406: EXPERIENCIA DEL DIRECTOR | D406: CUMPLE | E406: CUMPLE | F406: N/A | G406: CUMPLE
A413: EXPERIENCIA DEL RESIDENTE 1 | D413: N/A | E413: N/A | F413: CUMPLE | G413: CUMPLE
A420: EXPERIENCIA DEL RESIDENTE 2 | D420: N/A | E420: N/A | F420: CUMPLE | G420: CUMPLE
A422: =+'INFORME FINAL'!#REF! -> #REF! | D422: =+'INFORME FINAL'!#REF! -> #REF!
...

Sheet EVALUACION TECNICA PROPONE HAB
A1: FONDO DE DESARROLLO LOCAL DE USAQUEN
A2: =+'INFORME FINAL'!A2:H2 -> CONCURSO DE MERITOS ABIERTO - FDLUSA-CMA-004-2023
A3: REQUISITOS HABILITANTES PROPONENTE TÉCNICOS | T3: CUMPLE
T4: NO CUMPLE
B6: =+'INFORME FINAL'!A6 -> 1 | C6: =+'INFORME FINAL'!B6 -> VELNEC S.A.
B7: FORMATO 9 – ACEPTACIÓN Y CUMPLIMIENTO DE LA FORMACIÓN Y EXPERIENCIA DEL PERSONAL CLAVE
B9: FORMATO 11- FACTOR DE SOSTENIBILIDAD
B10: CONDICIONES DE EXPERIENCIA | I10: CODIGO UNSPSC 80101600, 81101500 | J10: Observación y respuesta a observaciones
A11: # | B11: OBJETO | C11: VALOR CONTRATO EN EL RUP SMMLV | D11: PORCENTAJE DE PARTICIPACION | E11: VALOR EJECUTADO EN SMMLV AFECTADO POR EL % DE PARTICIPACION | F11: No. CONSECUTIVO EN RUP | G11: En caso de consorcios o uniones temporales o acuerdos de sociedad futura, esta experiencia podra ser acreditada por solo uno de los integrantes | H11: % DEL PROCESO
B12: VELNEC S.A 100%
A13: 1 | B13: INTERVENTORÍA TÉCNICA, ADMINISTRATIVA Y FINANCIERA A LA OBRA DEL JARDÍN SOCIAL EL PORVENIR, LOCALIDAD DE BOSA EN BOGOTÁ D.C. | C13: 482.43 | D13: 0.5 | E13: =+IF(C13="","",C13*D13) -> 241.215 | F13: 33 | G13: CUMPLE | H13: =(SUM(E13:E16))/$C$189 -> 7.0841925 | I13: CUMPLE | J13: experiencia general y especifica
A14: 2 | B14: INTERVENTORÍA TÉCNICA, ADMINISTRATIVA, FINANCIERA, LEGAL Y AMBIENTAL PARA LA CONSTRUCCIÓN DEL CAI PERIFÉRICO LA AVANZADA EN EL MUNICIPIO DE MEDELLIN. | C14: 177.65 | D14: 1 | E14: =+IF(C14="","",C14*D14) -> 177.65 | F14: 72 | I14: CUMPLE | J14: experiencia general y especifica
A15: 3 | B15: INTERVENTORÍA TÉCNICA Y ADMINISTRATIVA PARA LA CONSTRUCCIÓN DE LA TORRE DE CONTROL DEL AEROPUERTO EL CARAÑO DE QUIBDO-CHOCO. | C15: 69.7 | D15: 1 | E15: =+IF(C15="","",C15*D15) -> 69.7 | F15: 85 | I15: CUMPLE | J15: experiencia general y especifica
E16: =+IF(C16="","",C16*D16) | I16: CUMPLE
A17: =COUNTA(A13:A16) -> 3 | B17: EXPERIENCIA DEL PROPONENTE | E17: =SUM(E13:E16) -> 488.565 | H17: =IF(AND(H13>=100%),"CUMPLE","NO CUMPLE") -> CUMPLE | J17: CUMPLE
B20: =+'INFORME FINAL'!A7 -> 2 | C20: =+'INFORME FINAL'!B7 -> ANZA INGENIERIA
B21: FORMATO 9 – ACEPTACIÓN Y CUMPLIMIENTO DE LA FORMACIÓN Y EXPERIENCIA DEL PERSONAL CLAVE
B23: FORMATO 11- FACTOR DE SOSTENIBILIDAD
B24: CONDICIONES DE EXPERIENCIA | I24: CODIGO UNSPSC 80101600, 81101500 | J24: Observación y respuesta a observaciones
A25: # | B25: OBJETO | C25: VALOR CONTRATO EN EL RUP SMMLV | D25: PORCENTAJE DE PARTICIPACION | E25: VALOR EJECUTADO EN SMMLV AFECTADO POR EL % DE PARTICIPACION | F25: No. CONSECUTIVO EN RUP | G25: En caso de consorcios o uniones temporales o acuerdos de sociedad futura, esta experiencia podra ser acreditada por solo uno de los integrantes | H25: % DEL PROCESO
B26: ANZA INGENIERIA 100%
A27: 1 | B27: INTERVENTORÍA TÉCNICA, ADMINISTRATIVA, FINANCIERA, CONTABLE Y JURÍDICA DEL PROYECTO DE MANTENIMIENTO ADECUACION Y REPARACION DE BIENES INMUEBLES DEL CACOM-4. | C27: 110.06 | D27: 1 | E27: =+IF(C27="","",C27*D27) -> 110.06 | F27: 12 | G27: CUMPLE | H27: =(SUM(E27:E30))/$C$189 -> 1.59587 | I27: CUMPLE | J27: “El Proponente cumplirá con la exigencia mínima de experiencia descrita en el pliego de condiciones y demás documentación que lo complemente. De acuerdo con lo anterior, si el Proponente debió subsanar el cumplimiento de la experiencia mínima, para la asignación de puntaje no se tendrán en cuenta los contratos que hayan sido objeto de subsanación" por lo anterior solo se tiene en cuenta el contrato, que no fue objeto de subsanación-.
B28: NTERVENTORÍA TÉCNICA, ADMINISTRATIVA, FINANCIERA, AMBIENTAL, JURIDICA Y CONTABLE AL CONTRATO DE OBRA RESULTANTE DEL PROCESO DE SELECCIÓN ABREVIADA PARA LA ADQUISICIÓN DE BIENES Y SERVICIOS PARA LA DEFENSA Y SEGURIDAD NACIONAL No. 084-DIAD-CADCO-CENAC INGENIEROS 2017 CUYO OBJETO ES “ACTIVIDADES CONSTRUCTIVAS, SUMINISTRO, INSTALACIÓN Y PUESTA EN FUNCIONAMIENTO DE LOS EQUIPOS PARA LA SEGUNDA ETAPA DEL EDIFICIO DE JUSTICIA PENAL MILITAR, UBICADO EN LA CIUDAD DE BOGOTÁ”. | C28: 445.21 | D28: 0.25 | F28: 4 | I28: CUMPLE
B29: NTERVENTORIA MANTENIMIENTO RESTAURATIVO A TODO COSTO DE HABITACIONES EN LA SEDE PRINCIPAL DEL CLUB MILITAR | C29: 200 | D29: 0.75 | F29: 18 | I29: CUMPLE
E30: =+IF(C30="","",C30*D30) | I30: CUMPLE
A31: =COUNTA(A27:A30) -> 1 | B31: EXPERIENCIA DEL PROPONENTE | E31: =SUM(E27:E30) -> 110.06 | H31: =IF(AND(H27>=100%),"CUMPLE","NO CUMPLE") -> CUMPLE | J31: CUMPLE
B34: =+'INFORME FINAL'!A8 -> 3 | C34: =+'INFORME FINAL'!B8 -> JET INGENIERIA SAS
B35: FORMATO 9 – ACEPTACIÓN Y CUMPLIMIENTO DE LA FORMACIÓN Y EXPERIENCIA DEL PERSONAL CLAVE
B37: FORMATO 11- FACTOR DE SOSTENIBILIDAD
B38: CONDICIONES DE EXPERIENCIA | I38: CODIGO UNSPSC 80101600, 81101500 | J38: Observación y respuesta a observaciones
A39: # | B39: OBJETO | C39: VALOR CONTRATO EN EL RUP SMMLV | D39: PORCENTAJE DE PARTICIPACION | E39: VALOR EJECUTADO EN SMMLV AFECTADO POR EL % DE PARTICIPACION | F39: No. CONSECUTIVO EN RUP | G39: En caso de consorcios o uniones temporales o acuerdos de sociedad futura, esta experiencia podra ser acreditada por solo uno de los integrantes | H39: % DEL PROCESO
B40: JET INGENIERIA SAS 100%
A41: 1 | B41: Interventoría Técnica, Administrativa, Financiera, Contable y Ambiental a la Construcción de la Biblioteca Digital- Centro Cultural Barrio Pie de la Popa | C41: 690.89 | D41: 0.55 | E41: =+IF(C41="","",C41*D41) -> 379.9895 | F41: 21 | G41: CUMPLE | H41: =(SUM(E41:E44))/$C$189 -> 22.410265 | I41: CUMPLE | J41: experiencia general y especifica
A42: 2 | B42: Interventoría Técnica, Adminsitrativa, Financiera y Juridica para la Construcción de la segunda etapa de la Biblioteca Distrital el Pie de la Popa, en el Distrito de Cartagena de Indias, Departamento de Bolívar | C42: 204.25 | D42: 1 | E42: =+IF(C42="","",C42*D42) -> 204.25 | F42: 30 | I42: CUMPLE | J42: experiencia general y especifica
A43: 3 | B43: Interventoría Técnica, Administrativa, Financiera, Ambiental, Contable y Juridica a la Construcción Casa de Rehabilitación y Bienestar Animal Bolívar Si Avanza, Municipio de Santa Rosa, Departamento de Bolívar | C43: 1201.62 | D43: 0.8 | E43: =+IF(C43="","",C43*D43) -> 961.296 | F43: 33 | I43: CUMPLE | J43: experiencia general y especifica
E44: =+IF(C44="","",C44*D44) | I44: CUMPLE
A45: =COUNTA(A41:A44) -> 3 | B45: EXPERIENCIA DEL PROPONENTE | E45: =SUM(E41:E44) -> 1545.5355 | H45: =IF(AND(H41>=100%),"CUMPLE","NO CUMPLE") -> CUMPLE | J45: CUMPLE
B48: =+'INFORME FINAL'!A9 -> 4 | C48: =+'INFORME FINAL'!B9 -> CONSORCIO TEATRO AM
B49: FORMATO 9 – ACEPTACIÓN Y CUMPLIMIENTO DE LA FORMACIÓN Y EXPERIENCIA DEL PERSONAL CLAVE
B51: FORMATO 11- FACTOR DE SOSTENIBILIDAD
B52: CONDICIONES DE EXPERIENCIA | I52: CODIGO UNSPSC 80101600, 81101500 | J52: Observación y respuesta a observaciones
A53: # | B53: OBJETO | C53: VALOR CONTRATO EN EL RUP SMMLV | D53: PORCENTAJE DE PARTICIPACION | E53: VALOR EJECUTADO EN SMMLV AFECTADO POR EL % DE PARTICIPACION | F53: No. CONSECUTIVO EN RUP | G53: En caso de consorcios o uniones temporales o acuerdos de sociedad futura, esta experiencia podra ser acreditada por solo uno de los integrantes | H53: % DEL PROCESO
B54: MIRS LATINOAMERICA SAS 90%
A55: 1 | B55: INTERVENTORÍA TÉCNICA, ADMINISTRATIVA, FINANCIERA, AMBIENTAL Y CONTABLE AL PROYECTO PRIMERA ETAPA DE LA AMPLIACIÓN Y REFORZAMIENTO DE LA INFRAESTRUCTURA DEL CENTRO DE SALUD PORVENIR RIO - MUNICIPIO DE MOSQUERA | C55: 77.42 | D55: 0.6 | E55: =+IF(C55="","",C55*D55) -> 46.452 | F55: 16 | G55: CUMPLE | H55: =(SUM(E55:E58))/$C$189 -> 5.199584 | I55: CUMPLE
B56: C2R INGENIERIA Y PROYECTOS S.A.S 10% | I56: CUMPLE
A57: 2 | B57: INTERVENTORIA TÉCNICA, ADMINISTRATIVA Y DE CONTROL PRESUPUESTAL DE LAS OBRAS CIVILES NECESARIAS PARA REPARACIONES LOCATIVAS Y ADECUACIONES DE LOS SOTANOS E IMPERMEABILIZACION DE TERRAZAS Y JARDINES DE LA SEDE CASA NARIÑO | C57: 106.9 | D57: 1 | E57: =+IF(C57="","",C57*D57) -> 106.9 | F57: 54 | G57: CUMPLE | I57: CUMPLE
A58: 3 | B58: INTERVENTORÍA TÉCNICA, ADMINISTRATIVA, JURÍDICA, FINANCIERA Y AMBIENTAL AL CONTRATO OBRAS DE ADECUACIÓN, MEJORAMIENTO Y MANTENIMIENTO CORRECTIVO DE LAS PLANTAS FÍSICAS, ASÍ COMO LA ADECUACIÓN Y/O MEJORAMIENTO DE COMEDORES ESCOLARES DE LOS COLEGIOS DISTRITALES, CON EL FIN DE ATENDER LOS REQUERIMIENTOS Y NECESIDADES EN TÉRMINOS DE INFRAESTRUCTURA PARA LA PRESTACIÓN DEL SERVICIO EDUCATIVO | C58: 205.24 | D58: 1 | E58: =+IF(C58="","",C58*D58) -> 205.24 | F58: 98 | G58: CUMPLE | I58: CUMPLE
A59: =COUNTA(A55:A58) -> 3 | B59: EXPERIENCIA DEL PROPONENTE | E59: =SUM(E55:E58) -> 358.592 | H59: =IF(AND(H55>=100%),"CUMPLE","NO CUMPLE") -> CUMPLE | J59: CUMPLE
B62: =+'INFORME FINAL'!A10 -> 5 | C62: =+'INFORME FINAL'!B10 -> HUPK S.A.S.
B63: FORMATO 9 – ACEPTACIÓN Y CUMPLIMIENTO DE LA FORMACIÓN Y EXPERIENCIA DEL PERSONAL CLAVE
B65: FORMATO 11- FACTOR DE SOSTENIBILIDAD
B66: CONDICIONES DE EXPERIENCIA | I66: CODIGO UNSPSC 80101600, 81101500 | J66: Observación y respuesta a observaciones
A67: # | B67: OBJETO | C67: VALOR CONTRATO EN EL RUP SMMLV | D67: PORCENTAJE DE PARTICIPACION | E67: VALOR EJECUTADO EN SMMLV AFECTADO POR EL % DE PARTICIPACION | F67: No. CONSECUTIVO EN RUP | G67: En caso de consorcios o uniones temporales o acuerdos de sociedad futura, esta experiencia podra ser acreditada por solo uno de los integrantes | H67: % DEL PROCESO
B68: HUPK S.A.S 100%
A69: 1 | B69: INTERVENTORÍA PARA LA CONSTRUCCIÓN PAVIMENTO RIGIDO, BORDILLO, ANDENES Y RED DE ALCANTARILLADO EN EL MUNICIPIO DE ARJONA - BOLIVAR | C69: 144.98 | D69: 0.7 | E69: =+IF(C69="","",C69*D69) -> 101.486 | F69: 13 | G69: CUMPLE | H69: =SUM(E69:E71/C189) -> 1.471547 | I69: CUMPLE
A70: 2 | B70: INTERVENTORÍA TÉCNICA, ADMINISTRATIVA, FINANCIERA, AMBIENTAL Y CONTABLE A LA CONSTRUCCIÓN DEL PARQUE HUELLAS ALBERTO URIBE EN CARTAGENA, DEPARTAMENTO DE BOLIVAR | C70: 369.71 | D70: 0.75 | E70: =+IF(C70="","",C70*D70) -> 277.2825 | F70: 9 | I70: CUMPLE
A71: 3 | B71: INTERVENTORÍA TECNICA, ADMINISTRATIVA Y FINANCIERA A LA CONSTRUCCIÓN EN PAVIMENTO FLEXIBLE DEL EJE VIAL MONTES DE MARIA QUE COMUNICA EL MUNICIPIO DE MORROA CON EL MUNICIPIO DE COLOSO DEL K0+000 HASTA EL K21+387 EN EL DEPARTAMENTO DE SUCRE (PRIMERA ETAPA) | C71: 871.05 | D71: 0.55 | E71: =+IF(C71="","",C71*D71) -> 479.0775 | F71: 5 | I71: CUMPLE
A72: =COUNTA(A69:A71) -> 3 | B72: EXPERIENCIA DEL PROPONENTE | E72: =SUM(E69:E71) -> 857.846 | H72: =IF(AND(H69>=100%),"CUMPLE","NO CUMPLE") -> CUMPLE | J72: CUMPLE
B75: =+'INFORME FINAL'!A11 -> 6 | C75: =+'INFORME FINAL'!B11 -> GB10 CONSULTORES S.A.S.
B76: FORMATO 9 – ACEPTACIÓN Y CUMPLIMIENTO DE LA FORMACIÓN Y EXPERIENCIA DEL PERSONAL CLAVE
B78: FORMATO 11- FACTOR DE SOSTENIBILIDAD
B79: CONDICIONES DE EXPERIENCIA | I79: CODIGO UNSPSC 80101600, 81101500 | J79: Observación y respuesta a observaciones
A80: # | B80: OBJETO | C80: VALOR CONTRATO EN EL RUP SMMLV | D80: PORCENTAJE DE PARTICIPACION | E80: VALOR EJECUTADO EN SMMLV AFECTADO POR EL % DE PARTICIPACION | F80: No. CONSECUTIVO EN RUP | G80: En caso de consorcios o uniones temporales o acuerdos de sociedad futura, esta experiencia podra ser acreditada por solo uno de los integrantes | H80: % DEL PROCESO
B81: GB10 CONSULTORES S.A.S 100%
A82: 1 | B82: REALIZACION DE LA INTERVENTORIA TECNICA, ADMINISTRATIVA Y FINANCIERA DE LA CONSTRUCCION DE LOS CENTROS DE ATENCION FAMILIAR INTEGRAL, “CAFI RESTREPO”, “CAFI PUENTE ARANDA”, “CAFI VENECIA”, “CAFI CEMES CHAPINERO”, “CAFI CALLE 100”, “CAFI PEREIRA”, “CAFI BUCARAMANGA”, “CAFI CARTAGENA”, “CAFI IBAGUE”, DEL CENTRO MEDICO DIAGNOSTICO, DE LAS OFICINAS DE CARTAGENA, CUCUTA, IBAGUE, MEDELLIN, PEREIRA, Y DE LAS OFICINAS DE PRESIDENCIA | C82: 2094.93 | D82: 0.1 | E82: =+IF(C82="","",C82*D82) -> 209.493 | F82: 13 | G82: CUMPLE | H82: =SUM(E82:E85/C189) -> 3.0376485 | I82: CUMPLE
A83: 2 | B83: NTERVENTORIA ADMINISTRATIVA, TÉCNICA, FINANANCIERA, JURÍDICA, BIOCLIMATICA Y AMBIENTAL, PARA LOS ESTUDIOS TÉCNICOS Y DISEÑOS ARQUITECTÓNICOS, ESTRUCTURALES, MECÁNICOS, SEGURIDAD, HIDROSANITARIOS, ELÉCTRICOS, ILUMINACIÓN, SONIDO, VOZ Y DATOS, CCTV, ROBÓTICA Y PAISAJISMO, Y TRÁMITE DE LICENCIAS PARA EL PROYECTO EDIFICIO 593 UBICADO EN LA CIUDAD DE BOGOTÁ | C83: 1132 | D83: 1 | E83: =+IF(C83="","",C83*D83) -> 1132 | F83: 141 | I83: CUMPLE
A84: 3 | B84: NTERVENTORIA ADMINISTRATIVA, TÉCNICA, FINANANCIERA, JURÍDICA, BIOCLIMATICA Y AMBIENTAL, PARA LOS ESTUDIOS TÉCNICOS Y DISEÑOS ARQUITECTÓNICOS, ESTRUCTURALES, MECÁNICOS, SEGURIDAD, HIDROSANITARIOS, ELÉCTRICOS, ILUMINACIÓN, SONIDO, VOZ Y DATOS, CCTV, ROBÓTICA Y PAISAJISMO, Y TRÁMITE DE LICENCIAS PARA EL PROYECTO EDIFICIO MONARCA LUXURY TOWERS UBICADO EN LA CIUDAD DE CARTAGENA | C84: 1339.39 | D84: 1 | E84: =+IF(C84="","",C84*D84) -> 1339.39 | F84: 140 | I84: CUMPLE
A85: 4 | B85: LANEACION, DISEÑO ARQUITECTONICO, DISEÑO ESTRUCTURAL. DISEÑO HIDRAULICO Y ELECTRICO Y CONSTRUCCION PARA EL EDIFICIO DE 16 APARTAMENTOS EN CINCO PISOS Y SOTANO PARA PARQUEADEROS | C85: 14796.93 | D85: 0.1 | E85: =+IF(C85="","",C85*D85) -> 1479.693 | F85: 14 | I85: CUMPLE
A86: =COUNTA(A82:A85) -> 4 | B86: EXPERIENCIA DEL PROPONENTE | E86: =SUM(E82:E85) -> 4160.576 | H86: =IF(AND(H82>=100%),"CUMPLE","NO CUMPLE") -> CUMPLE | J86: CUMPLE
B89: =+'INFORME FINAL'!A12 -> 7 | C89: =+'INFORME FINAL'!B12 -> Camilo Moncaleano
B90: FORMATO 9 – ACEPTACIÓN Y CUMPLIMIENTO DE LA FORMACIÓN Y EXPERIENCIA DEL PERSONAL CLAVE
B92: FORMATO 11- FACTOR DE SOSTENIBILIDAD
B93: CONDICIONES DE EXPERIENCIA | I93: CODIGO UNSPSC 80101600, 81101500 | J93: Observación y respuesta a observaciones
A94: # | B94: OBJETO | C94: VALOR CONTRATO EN EL RUP SMMLV | D94: PORCENTAJE DE PARTICIPACION | E94: VALOR EJECUTADO EN SMMLV AFECTADO POR EL % DE PARTICIPACION | F94: No. CONSECUTIVO EN RUP | G94: En caso de consorcios o uniones temporales o acuerdos de sociedad futura, esta experiencia podra ser acreditada por solo uno de los integrantes | H94: % DEL PROCESO
B95: Camilo Moncaleano 100%
A96: 1 | B96: NTERVENTORÍA TÉCNICA, JURÍDICA, ADMINISTRATIVA, CONTABLE, SISO, AMBIENTAL Y FINANCIERA AL CONTRATO DE OBRA No. COI‐010 DE 2018 EL CUAL TIENE POR OBJETO: CONSTRUCCIÓN A TODO COSTO DE 31VIVIENDAS DE UNO Y DOS PISOS TIPO VIS PARA LA URBANIZACIÓN LA VICTORIA ETAPA 1UBICADO EN LA CIUDAD DE NEIVA, DEPARTAMENTO DEL HUILA | C96: 195.91 | D96: 1 | E96: =+IF(C96="","",C96*D96) -> 195.91 | F96: 7 | G96: CUMPLE | H96: =(SUM(E96:E99))/$C$189 -> 7.59104 | I96: CUMPLE
A97: 2 | B97: INTERVENTORÍA TÉCNICA, JURÍDICA, ADMINISTRATIVA, CONTABLE, SISO, AMBIENTAL Y FINANCIERA AL CONTRATO DE OBRA No. COI-013 DE 2012 EL CUAL TIENE POR OBJETO: CONSTRUCCIÓN A TODO COSTO DE 20 VIVIENDAS DE UNO Y DOS PISOS TIPO VIS Y LAS OBRAS DE CONSTRUCCIÓN DE LA RED DE ACUEDUCTO Y ALCANTARILLADO Y VÍAS DE ACCESO EN PAVIMENTO RÍGIDO PARA LA URBANIZACIÓN LA VICTORIA ETAPA II UBICADO EN LA CIUDAD DE NEIVA, DEPARTAMENTO DEL HUILA | C97: 90.82 | D97: 1 | E97: =+IF(C97="","",C97*D97) -> 90.82 | F97: 8 | I97: CUMPLE
A98: 3 | B98: INTERVENTORÍA TÉCNICA, LEGAL, ECONÓMICA Y AMBIENTAL A LAS OBRAS DE MEJORAMIENTO Y MANTENIMIENTO DE 64 VIVIENDAS CORRESPONDIENTES A LA I ETAPA DE LA URBANIZACIÓN VILLA CAROLINA” | C98: 236.79 | D98: 1 | E98: =+IF(C98="","",C98*D98) -> 236.79 | F98: 9 | I98: CUMPLE
E99: =+IF(C99="","",C99*D99) | I99: CUMPLE
A100: =COUNTA(A96:A99) -> 3 | B100: EXPERIENCIA DEL PROPONENTE | E100: =SUM(E96:E99) -> 523.52 | H100: =IF(AND(H96>=100%),"CUMPLE","NO CUMPLE") -> CUMPLE | J100: CUMPLE
B103: =+'INFORME FINAL'!A13 -> 8 | C103: =+'INFORME FINAL'!B13 -> CONSORCIO ING SERVITÁ
B104: FORMATO 9 – ACEPTACIÓN Y CUMPLIMIENTO DE LA FORMACIÓN Y EXPERIENCIA DEL PERSONAL CLAVE
B106: FORMATO 11- FACTOR DE SOSTENIBILIDAD
B107: CONDICIONES DE EXPERIENCIA | I107: CODIGO UNSPSC 80101600, 81101500 | J107: Observación y respuesta a observaciones
A108: # | B108: OBJETO | C108: VALOR CONTRATO EN EL RUP SMMLV | D108: PORCENTAJE DE PARTICIPACION | E108: VALOR EJECUTADO EN SMMLV AFECTADO POR EL % DE PARTICIPACION | F108: No. CONSECUTIVO EN RUP | G108: En caso de consorcios o uniones temporales o acuerdos de sociedad futura, esta experiencia podra ser acreditada por solo uno de los integrantes | H108: % DEL PROCESO
B109: INGECINCO LTDA 50%
A110: 1 | B110: INTERVENTORÍA ADMINISTRATIVA, TÉCNICA Y FINANCIERA A LA CONSTRUCCIÓN SEGUNDA ETAPA DEL INTERNADO MIXTO DE PRIMARIA Y SECUNDARIA GRANJA IRACA | C110: 493.96 | D110: 1 | E110: =+IF(C110="","",C110*D110) -> 493.96 | F110: 60 | G110: CUMPLE | H110: =(SUM(E110:E111))/$C$189 -> 10.563105 | I110: CUMPLE | J110: “El Proponente cumplirá con la exigencia mínima de experiencia descrita en el pliego de condiciones y demás documentación que lo complemente. De acuerdo con lo anterior, si el Proponente debió subsanar el cumplimiento de la experiencia mínima, para la asignación de puntaje no se tendrán en cuenta los contratos que hayan sido objeto de subsanación" por lo anterior solo se tiene en cuenta los dos contratos, que no fue objeto de subsanación-.
A111: 1 | B111: NTERVENTORIA TECNICA, ADMINISTRATIVA, FINANCIERA Y JURIDICA A LOS CONTRATOS DE OBRA PUBLICA: 1”CONSTRUCCION INFRAESTRUCTURA EDUCATIVA EN LAS INSTITUCIONES EDUCATIVAS GENERAL SANTANDER, EL PROGRESO Y ANTONIO NARIÑO EN EL MUNICIPIO DE FUENTEDEORO META”, 2”CONSTRUCCION ADECUACION, MANTENIMIENTO Y MEJORAMIENTO DE LA INFRAESTRUCTURA EDUCATIVA EN EL MUNICIPIO DE FUENTEDEORO META | C111: 234.53 | D111: 1 | E111: =+IF(C111="","",C111*D111) -> 234.53 | F111: 77 | I111: CUMPLE | J111: CUMPLE ESPECIFICA
B112: INTERVENTORÍA TÉCNICA, ADMINISTRATIVA Y FINANCIERA DE LA CONSTRUCCION SEGUNDA ETAPA DEL HOSPITAL MUNICIPAL DE CASTILLA LA NUEVA - META, EN DESARROLLO DEL PROYECTO 2008501500118 | C112: 1241.7 | D112: 0.3 | F112: 85 | I112: CUMPLE | J112: CUMPLE ESPECIFICA
B113: GRUPO ASV S.A.S 50% | I113: CUMPLE
A114: =COUNTA(A110:A113) -> 2 | B114: EXPERIENCIA DEL PROPONENTE | E114: =SUM(E110:E113) -> 728.49 | H114: =IF(AND(H110>=100%),"CUMPLE","NO CUMPLE") -> CUMPLE | J114: CUMPLE
B117: =+'INFORME FINAL'!A14 -> 9 | C117: =+'INFORME FINAL'!B14 -> flm ingenieros contratistas consultores S.A.S.
B118: FORMATO 9 – ACEPTACIÓN Y CUMPLIMIENTO DE LA FORMACIÓN Y EXPERIENCIA DEL PERSONAL CLAVE
B120: FORMATO 11- FACTOR DE SOSTENIBILIDAD
B121: CONDICIONES DE EXPERIENCIA | I121: CODIGO UNSPSC 80101600, 81101500 | J121: Observación y respuesta a observaciones
A122: # | B122: OBJETO | C122: VALOR CONTRATO EN EL RUP SMMLV | D122: PORCENTAJE DE PARTICIPACION | E122: VALOR EJECUTADO EN SMMLV AFECTADO POR EL % DE PARTICIPACION | F122: No. CONSECUTIVO EN RUP | G122: En caso de consorcios o uniones temporales o acuerdos de sociedad futura, esta experiencia podra ser acreditada por solo uno de los integrantes | H122: % DEL PROCESO
B123: flm ingenieros contratistas consultores S.A.S 100%
A124: 1 | C124: 150.8 | D124: 0.9 | E124: =+IF(C124="","",C124*D124) -> 135.72 | F124: 21 | G124: CUMPLE | H124: =(SUM(E124:E127))/$C$189 -> 5.22493 | I124: CUMPLE | J124: NO CUMPLE ESPECIFICA
A125: 2 | B125: INTERVENTORIA TECNICA ADMINISTRATIVA FINANCIERA LEGAL Y AMBIENTAL PARA LA CONSTRUCCIÓN DEL EDIFICIO BALCONES DE RIONEGRO DE 4 PISOS EN LA CIUDAD DE BOGOTA | C125: 102.89 | D125: 1 | E125: =+IF(C125="","",C125*D125) -> 102.89 | F125: 13 | I125: CUMPLE | J125: CUMPLE ESPECIFICA
A126: 3 | C126: 121.73 | D126: 1 | E126: =+IF(C126="","",C126*D126) -> 121.73 | F126: 9 | I126: CUMPLE
...

Sheet PONDERACIÓN PROPONENTE
A1: FONDO DE DESARROLLO LOCAL DE USAQUEN
A2: =+'INFORME FINAL'!A2:H2 -> CONCURSO DE MERITOS ABIERTO - FDLUSA-CMA-004-2023
A3: PONDERACION ADICIONAL PROPONENTE TÉCNICOS | Z3: CUMPLE
Z4: NO CUMPLE
A6: =+'INFORME FINAL'!A6 -> 1 | D6: =+'INFORME FINAL'!B6 -> VELNEC S.A.
A7: FORMATO 7- MANIFESTACIÓN PERSONAL CLAVE Y FORMATOS | C7: CUMPLE
A9: CONDICIONES DE EXPERIENCIA | M9: CODIGO UNSPSC 81101500 - 80102200 -80101600 | N9: Observación y respuesta a observaciones
A10: OBJETO | B10: FECHA DE INICIO D/M/A | C10: FECHA DE TERMINACION D/M/A | D10: ENTIDAD | E10: VALOR CONTRATO | F10: VALOR EN SMMLV AÑO DE TERMINACION | G10: PORCENTAJE DE PARTICIPACION | H10: VALOR EJECUTADO EN PESOS AFECTADO POR EL % DE PARTICIPACION | I10: VALOR EJECUTADO EN SMMLV AFECTADO POR EL % DE PARTICIPACION | J10: No. CONSECUTIVO EN RUP | K10: uno de los integrantes del Proponente debe aportar como mínimo el cincuenta (50%) por ciento de la experiencia | L10: % DEL PROCESO
A11: INTERCONDI SAS 100%
F12: =IF(C12="","",E12/(VLOOKUP(YEAR(C12),$C$805:$D$841,2,FALSE))) | H12: =+E12*G12 -> 0 | I12: =+IF(E12="","",F12*G12) | L12: =(SUM(I12:I13))/$C$791 -> 0 | P12: =IF(L799="","",#REF!/(VLOOKUP(YEAR(#REF!),$XEU$1045872:$XEV$1045907,2,FALSE)))
F13: =IF(C13="","",E13/(VLOOKUP(YEAR(C13),$C$805:$D$841,2,FALSE))) | H13: 0 | I13: =+IF(E13="","",F13*G13)
A14: EXPERIENCIA DEL PROPONENTE | L14: =IF(AND(L12>=100%),"CUMPLE","NO CUMPLE") -> NO CUMPLE | N14: NO CUMPLE
A17: =+'INFORME FINAL'!A7 -> 2 | D17: =+'INFORME FINAL'!B7 -> ANZA INGENIERIA
A18: FORMATO 7- MANIFESTACIÓN PERSONAL CLAVE Y FORMATOS | C18: NO CUMPLE
A20: CONDICIONES DE EXPERIENCIA | M20: CODIGO UNSPSC 81101500 - 80102200 -80101600 | N20: Observación y respuesta a observaciones
A21: OBJETO | B21: FECHA DE INICIO D/M/A | C21: FECHA DE TERMINACION D/M/A | D21: ENTIDAD | E21: VALOR CONTRATO | F21: VALOR EN SMMLV AÑO DE TERMINACION | G21: PORCENTAJE DE PARTICIPACION | H21: VALOR EJECUTADO EN PESOS AFECTADO POR EL % DE PARTICIPACION | I21: VALOR EJECUTADO EN SMMLV AFECTADO POR EL % DE PARTICIPACION | J21: No. CONSECUTIVO EN RUP | K21: uno de los integrantes del Proponente debe aportar como mínimo el cincuenta (50%) por ciento de la experiencia | L21: % DEL PROCESO
A22: CEAS SAS 100%
F23: =IF(C23="","",E23/(VLOOKUP(YEAR(C23),$C$805:$D$841,2,FALSE))) | H23: =+E23*G23 -> 0 | I23: =+IF(E23="","",F23*G23) | L23: =(SUM(I23:I26))/$C$791 -> 0 | P23: =IF(L810="","",#REF!/(VLOOKUP(YEAR(#REF!),$XEU$1045872:$XEV$1045907,2,FALSE)))
F24: =IF(C24="","",E24/(VLOOKUP(YEAR(C24),$C$805:$D$841,2,FALSE))) | H24: 0 | I24: =+IF(E24="","",F24*G24)
F25: =IF(C25="","",E25/(VLOOKUP(YEAR(C25),$C$805:$D$841,2,FALSE))) | H25: =+E25*G25 -> 0 | I25: =+IF(E25="","",F25*G25) | P25: =IF(L812="","",#REF!/(VLOOKUP(YEAR(#REF!),$XEU$1045872:$XEV$1045907,2,FALSE)))
F26: =IF(C26="","",E26/(VLOOKUP(YEAR(C26),$C$805:$D$841,2,FALSE))) | H26: 0 | I26: =+IF(E26="","",F26*G26)
A27: EXPERIENCIA DEL PROPONENTE | L27: =IF(AND(L23>=100%),"CUMPLE","NO CUMPLE") -> NO CUMPLE | N27: NO CUMPLE
A30: =+'INFORME FINAL'!A8 -> 3 | D30: =+'INFORME FINAL'!B8 -> JET INGENIERIA SAS
A31: FORMATO 7- MANIFESTACIÓN PERSONAL CLAVE Y FORMATOS | C31: NO CUMPLE
A33: CONDICIONES DE EXPERIENCIA | M33: CODIGO UNSPSC 81101500 - 80102200 -80101600 | N33: Observación y respuesta a observaciones
A34: OBJETO | B34: FECHA DE INICIO D/M/A | C34: FECHA DE TERMINACION D/M/A | D34: ENTIDAD | E34: VALOR CONTRATO | F34: VALOR EN SMMLV AÑO DE TERMINACION | G34: PORCENTAJE DE PARTICIPACION | H34: VALOR EJECUTADO EN PESOS AFECTADO POR EL % DE PARTICIPACION | I34: VALOR EJECUTADO EN SMMLV AFECTADO POR EL % DE PARTICIPACION | J34: No. CONSECUTIVO EN RUP | K34: uno de los integrantes del Proponente debe aportar como mínimo el cincuenta (50%) por ciento de la experiencia | L34: % DEL PROCESO
A35: DPC INGENIEROS S.A.S. 60%
F36: =IF(C36="","",E36/(VLOOKUP(YEAR(C36),$C$805:$D$841,2,FALSE))) | H36: =+E36*G36 -> 0 | I36: =+IF(E36="","",F36*G36) | L36: =(SUM(I36:I37))/$C$791 -> 0 | P36: =IF(L823="","",#REF!/(VLOOKUP(YEAR(#REF!),$XEU$1045872:$XEV$1045907,2,FALSE)))
F37: =IF(C37="","",E37/(VLOOKUP(YEAR(C37),$C$805:$D$841,2,FALSE))) | H37: 0 | I37: =+IF(E37="","",F37*G37)
A38: FRONTERAS CONSTRUCTORA S.A.S. 40%
A39: EXPERIENCIA DEL PROPONENTE | L39: =IF(AND(L36>=100%),"CUMPLE","NO CUMPLE") -> NO CUMPLE | N39: NO CUMPLE
A42: =+'INFORME FINAL'!A9 -> 4 | D42: =+'INFORME FINAL'!B9 -> CONSORCIO TEATRO AM
A43: FORMATO 7- MANIFESTACIÓN PERSONAL CLAVE Y FORMATOS | C43: CUMPLE
A45: CONDICIONES DE EXPERIENCIA | M45: CODIGO UNSPSC 81101500 - 80102200 -80101600 | N45: Observación y respuesta a observaciones
A46: OBJETO | B46: FECHA DE INICIO D/M/A | C46: FECHA DE TERMINACION D/M/A | D46: ENTIDAD | E46: VALOR CONTRATO | F46: VALOR EN SMMLV AÑO DE TERMINACION | G46: PORCENTAJE DE PARTICIPACION | H46: VALOR EJECUTADO EN PESOS AFECTADO POR EL % DE PARTICIPACION | I46: VALOR EJECUTADO EN SMMLV AFECTADO POR EL % DE PARTICIPACION | J46: No. CONSECUTIVO EN RUP | K46: uno de los integrantes del Proponente debe aportar como mínimo el cincuenta (50%) por ciento de la experiencia | L46: % DEL PROCESO
A47: NORBERTO BAYONA ESPITIA 100%
F48: =IF(C48="","",E48/(VLOOKUP(YEAR(C48),$C$805:$D$841,2,FALSE))) | H48: =+E48*G48 -> 0 | I48: =+IF(E48="","",F48*G48) | L48: =(SUM(I48:I49))/$C$791 -> 0 | P48: =IF(L835="","",#REF!/(VLOOKUP(YEAR(#REF!),$XEU$1045872:$XEV$1045907,2,FALSE)))
F49: =IF(C49="","",E49/(VLOOKUP(YEAR(C49),$C$805:$D$841,2,FALSE))) | H49: 0 | I49: =+IF(E49="","",F49*G49)
A50: EXPERIENCIA DEL PROPONENTE | L50: =IF(AND(L48>=100%),"CUMPLE","NO CUMPLE") -> NO CUMPLE | N50: NO CUMPLE
A53: =+'INFORME FINAL'!A10 -> 5 | D53: =+'INFORME FINAL'!B10 -> HUPK S.A.S.
A54: FORMATO 7- MANIFESTACIÓN PERSONAL CLAVE Y FORMATOS | C54: NO CUMPLE
A56: CONDICIONES DE EXPERIENCIA | M56: CODIGO UNSPSC 81101500 - 80102200 -80101600 | N56: Observación y respuesta a observaciones
A57: OBJETO | B57: FECHA DE INICIO D/M/A | C57: FECHA DE TERMINACION D/M/A | D57: ENTIDAD | E57: VALOR CONTRATO | F57: VALOR EN SMMLV AÑO DE TERMINACION | G57: PORCENTAJE DE PARTICIPACION | H57: VALOR EJECUTADO EN PESOS AFECTADO POR EL % DE PARTICIPACION | I57: VALOR EJECUTADO EN SMMLV AFECTADO POR EL % DE PARTICIPACION | J57: No. CONSECUTIVO EN RUP | K57: uno de los integrantes del Proponente debe aportar como mínimo el cincuenta (50%) por ciento de la experiencia | L57: % DEL PROCESO
A58: CONSTRUCCIONES AXIOMA LTDA. 50%
F59: =IF(C59="","",E59/(VLOOKUP(YEAR(C59),$C$805:$D$841,2,FALSE))) | H59: =+E59*G59 -> 0 | I59: =+IF(E59="","",F59*G59) | L59: =(SUM(I59:I64))/$C$791 -> 0 | P59: =IF(L831="","",#REF!/(VLOOKUP(YEAR(#REF!),$XEU$1045872:$XEV$1045907,2,FALSE)))
F60: =IF(C60="","",E60/(VLOOKUP(YEAR(C60),$C$805:$D$841,2,FALSE))) | H60: 0 | I60: =+IF(E60="","",F60*G60)
F61: =IF(C61="","",E61/(VLOOKUP(YEAR(C61),$C$805:$D$841,2,FALSE))) | H61: 0 | I61: =+IF(E61="","",F61*G61)
F62: =IF(C62="","",E62/(VLOOKUP(YEAR(C62),$C$805:$D$841,2,FALSE))) | H62: 0 | I62: =+IF(E62="","",F62*G62)
A63: ALVARO AUGUSTO VERGARA GONGORA 50%
F64: =IF(C64="","",E64/(VLOOKUP(YEAR(C64),$C$805:$D$841,2,FALSE))) | H64: 0 | I64: =+IF(E64="","",F64*G64)
A65: EXPERIENCIA DEL PROPONENTE | L65: =IF(AND(L59>=100%),"CUMPLE","NO CUMPLE") -> NO CUMPLE | N65: NO CUMPLE
A68: =+'INFORME FINAL'!A11 -> 6 | D68: =+'INFORME FINAL'!B11 -> GB10 CONSULTORES S.A.S.
A69: FORMATO 7- MANIFESTACIÓN PERSONAL CLAVE Y FORMATOS | C69: NO CUMPLE
A71: CONDICIONES DE EXPERIENCIA | M71: CODIGO UNSPSC 81101500 - 80102200 -80101600 | N71: Observación y respuesta a observaciones
A72: OBJETO | B72: FECHA DE INICIO D/M/A | C72: FECHA DE TERMINACION D/M/A | D72: ENTIDAD | E72: VALOR CONTRATO | F72: VALOR EN SMMLV AÑO DE TERMINACION | G72: PORCENTAJE DE PARTICIPACION | H72: VALOR EJECUTADO EN PESOS AFECTADO POR EL % DE PARTICIPACION | I72: VALOR EJECUTADO EN SMMLV AFECTADO POR EL % DE PARTICIPACION | J72: No. CONSECUTIVO EN RUP | K72: uno de los integrantes del Proponente debe aportar como mínimo el cincuenta (50%) por ciento de la experiencia | L72: % DEL PROCESO
A73: BRAIN INGENIERÍA VIAL S.A.S 34%
F74: =IF(C74="","",E74/(VLOOKUP(YEAR(C74),$C$805:$D$841,2,FALSE))) | H74: =+E74*G74 -> 0 | I74: =+IF(E74="","",F74*G74) | P74: =IF(L846="","",#REF!/(VLOOKUP(YEAR(#REF!),$XEU$1045872:$XEV$1045907,2,FALSE)))
A75: ENRIQUE HERNANDO PRIETO ACEVEDO 33%
F76: =IF(C76="","",E76/(VLOOKUP(YEAR(C76),$C$805:$D$841,2,FALSE))) | H76: 0 | I76: =+IF(E76="","",F76*G76) | L76: =(SUM(I74:I79))/$C$791 -> 0
F77: =IF(C77="","",E77/(VLOOKUP(YEAR(C77),$C$805:$D$841,2,FALSE))) | H77: 0 | I77: =+IF(E77="","",F77*G77)
A78: INPROTEKTO LIMITADA 33%
F79: =IF(C79="","",E79/(VLOOKUP(YEAR(C79),$C$805:$D$841,2,FALSE))) | H79: 0 | I79: =+IF(E79="","",F79*G79)
A80: EXPERIENCIA DEL PROPONENTE | L80: =IF(AND(L76>=100%),"CUMPLE","NO CUMPLE") -> NO CUMPLE | N80: NO CUMPLE
A83: =+'INFORME FINAL'!A12 -> 7 | D83: =+'INFORME FINAL'!B12 -> Camilo Moncaleano
A84: FORMATO 7- MANIFESTACIÓN PERSONAL CLAVE Y FORMATOS | C84: CUMPLE
A86: CONDICIONES DE EXPERIENCIA | M86: CODIGO UNSPSC 81101500 - 80102200 -80101600 | N86: Observación y respuesta a observaciones
A87: OBJETO | B87: FECHA DE INICIO D/M/A | C87: FECHA DE TERMINACION D/M/A | D87: ENTIDAD | E87: VALOR CONTRATO | F87: VALOR EN SMMLV AÑO DE TERMINACION | G87: PORCENTAJE DE PARTICIPACION | H87: VALOR EJECUTADO EN PESOS AFECTADO POR EL % DE PARTICIPACION | I87: VALOR EJECUTADO EN SMMLV AFECTADO POR EL % DE PARTICIPACION | J87: No. CONSECUTIVO EN RUP | K87: uno de los integrantes del Proponente debe aportar como mínimo el cincuenta (50%) por ciento de la experiencia | L87: % DEL PROCESO
A88: INGECO SAS 100%
F89: =IF(C89="","",E89/(VLOOKUP(YEAR(C89),$C$805:$D$841,2,FALSE))) | H89: =+E89*G89 -> 0 | I89: =+IF(E89="","",F89*G89) | L89: =(SUM(I89:I90))/$C$791 -> 0 | P89: =IF(L876="","",#REF!/(VLOOKUP(YEAR(#REF!),$XEU$1045872:$XEV$1045907,2,FALSE)))
F90: =IF(C90="","",E90/(VLOOKUP(YEAR(C90),$C$805:$D$841,2,FALSE))) | H90: 0 | I90: =+IF(E90="","",F90*G90)
A91: EXPERIENCIA DEL PROPONENTE | L91: =IF(AND(L89>=100%),"CUMPLE","NO CUMPLE") -> NO CUMPLE | N91: NO CUMPLE
A94: =+'INFORME FINAL'!A13 -> 8 | D94: =+'INFORME FINAL'!B13 -> CONSORCIO ING SERVITÁ
A95: FORMATO 7- MANIFESTACIÓN PERSONAL CLAVE Y FORMATOS | C95: NO CUMPLE
A97: CONDICIONES DE EXPERIENCIA | M97: CODIGO UNSPSC 81101500 - 80102200 -80101600 | N97: Observación y respuesta a observaciones
A98: OBJETO | B98: FECHA DE INICIO D/M/A | C98: FECHA DE TERMINACION D/M/A | D98: ENTIDAD | E98: VALOR CONTRATO | F98: VALOR EN SMMLV AÑO DE TERMINACION | G98: PORCENTAJE DE PARTICIPACION | H98: VALOR EJECUTADO EN PESOS AFECTADO POR EL % DE PARTICIPACION | I98: VALOR EJECUTADO EN SMMLV AFECTADO POR EL % DE PARTICIPACION | J98: No. CONSECUTIVO EN RUP | K98: uno de los integrantes del Proponente debe aportar como mínimo el cincuenta (50%) por ciento de la experiencia | L98: % DEL PROCESO
A99: CONSULTORES DONOVAN SAS 50%
F100: =IF(C100="","",E100/(VLOOKUP(YEAR(C100),$C$805:$D$841,2,FALSE))) | H100: =+E100*G100 -> 0 | I100: =+IF(E100="","",F100*G100) | L100: =(SUM(I100:I104))/$C$791 -> 0 | P100: =IF(L872="","",#REF!/(VLOOKUP(YEAR(#REF!),$XEU$1045872:$XEV$1045907,2,FALSE)))
F101: =IF(C101="","",E101/(VLOOKUP(YEAR(C101),$C$805:$D$841,2,FALSE))) | H101: 0 | I101: =+IF(E101="","",F101*G101)
F102: =IF(C102="","",E102/(VLOOKUP(YEAR(C102),$C$805:$D$841,2,FALSE))) | H102: 0 | I102: =+IF(E102="","",F102*G102)
F103: =IF(C103="","",E103/(VLOOKUP(YEAR(C103),$C$805:$D$841,2,FALSE))) | H103: 0 | I103: =+IF(E103="","",F103*G103)
A104: ARENAS DE LA HOZ INGENIERIA SAS 50%
A105: EXPERIENCIA DEL PROPONENTE | L105: =IF(AND(L100>=100%),"CUMPLE","NO CUMPLE") -> NO CUMPLE | N105: NO CUMPLE
A108: =+'INFORME FINAL'!A14 -> 9 | D108: =+'INFORME FINAL'!B14 -> flm ingenieros contratistas consultores S.A.S.
A109: FORMATO 7- MANIFESTACIÓN PERSONAL CLAVE Y FORMATOS | C109: NO CUMPLE
A111: CONDICIONES DE EXPERIENCIA | M111: CODIGO UNSPSC 81101500 - 80102200 -80101600 | N111: Observación y respuesta a observaciones
A112: OBJETO | B112: FECHA DE INICIO D/M/A | C112: FECHA DE TERMINACION D/M/A | D112: ENTIDAD | E112: VALOR CONTRATO | F112: VALOR EN SMMLV AÑO DE TERMINACION | G112: PORCENTAJE DE PARTICIPACION | H112: VALOR EJECUTADO EN PESOS AFECTADO POR EL % DE PARTICIPACION | I112: VALOR EJECUTADO EN SMMLV AFECTADO POR EL % DE PARTICIPACION | J112: No. CONSECUTIVO EN RUP | K112: uno de los integrantes del Proponente debe aportar como mínimo el cincuenta (50%) por ciento de la experiencia | L112: % DEL PROCESO
A113: Constructora Ingevisa sas 25%
F114: =IF(C114="","",E114/(VLOOKUP(YEAR(C114),$C$805:$D$841,2,FALSE))) | H114: =+E114*G114 -> 0 | I114: =+IF(E114="","",F114*G114) | L114: =(SUM(I114:I118))/$C$791 -> 0 | P114: =IF(L886="","",#REF!/(VLOOKUP(YEAR(#REF!),$XEU$1045872:$XEV$1045907,2,FALSE)))
F115: =IF(C115="","",E115/(VLOOKUP(YEAR(C115),$C$805:$D$841,2,FALSE))) | H115: =+E115*G115 -> 0 | I115: =+IF(E115="","",F115*G115) | P115: =IF(L887="","",#REF!/(VLOOKUP(YEAR(#REF!),$XEU$1045872:$XEV$1045907,2,FALSE)))
A116: Épsilon Ingeniería y Desarrollo sas 30%
F117: =IF(C117="","",E117/(VLOOKUP(YEAR(C117),$C$805:$D$841,2,FALSE))) | H117: 0 | I117: =+IF(E117="","",F117*G117)
A118: Ámbar construcciones y asesorías sas 45%
A119: EXPERIENCIA DEL PROPONENTE | L119: =IF(AND(L114>=100%),"CUMPLE","NO CUMPLE") -> NO CUMPLE | N119: NO CUMPLE
A122: =+'INFORME FINAL'!A15 -> 10 | D122: =+'INFORME FINAL'!B15 -> R&M CONSTRUCCIONES E INTERVENTORIAS S.A.S.
A123: FORMATO 7- MANIFESTACIÓN PERSONAL CLAVE Y FORMATOS | C123: CUMPLE
A125: CONDICIONES DE EXPERIENCIA | M125: CODIGO UNSPSC 81101500 - 80102200 -80101600 | N125: Observación y respuesta a observaciones
A126: OBJETO | B126: FECHA DE INICIO D/M/A | C126: FECHA DE TERMINACION D/M/A | D126: ENTIDAD | E126: VALOR CONTRATO | F126: VALOR EN SMMLV AÑO DE TERMINACION | G126: PORCENTAJE DE PARTICIPACION | H126: VALOR EJECUTADO EN PESOS AFECTADO POR EL % DE PARTICIPACION | I126: VALOR EJECUTADO EN SMMLV AFECTADO POR EL % DE PARTICIPACION | J126: No. CONSECUTIVO EN RUP | K126: uno de los integrantes del Proponente debe aportar como mínimo el cincuenta (50%) por ciento de la experiencia | L126: % DEL PROCESO
A127: VELNEC S.A. 100%
F128: =IF(C128="","",E128/(VLOOKUP(YEAR(C128),$C$805:$D$841,2,FALSE))) | H128: =+E128*G128 -> 0 | I128: =+IF(E128="","",F128*G128) | L128: =(SUM(I128:I129))/$C$791 -> 0 | P128: =IF(L915="","",#REF!/(VLOOKUP(YEAR(#REF!),$XEU$1045872:$XEV$1045907,2,FALSE)))
F129: =IF(C129="","",E129/(VLOOKUP(YEAR(C129),$C$805:$D$841,2,FALSE))) | H129: 0 | I129: =+IF(E129="","",F129*G129)
...

Sheet F. PONDERABLES
A1: FONDO DE DESARROLLO LOCAL DE USAQUEN
A2: =+'INFORME FINAL'!A2:H2 -> CONCURSO DE MERITOS ABIERTO - FDLUSA-CMA-004-2023
A3: FACTORES PONDERABLES
A7: FACTORES PONDERABLES / PUNTAJE FINAL | C7: EXPERIENCIA DEL PROPONENTE (68,5 PUNTOS) | D7: EQUIPO DE TRABAJO (PERSONAL CLAVE AVALUABLE) (10 PUNTOS) | E7: APOYO A LA INDUSTRIA NACIONAL (20 PUNTOS) | F7: VINCULACION DE PERSONAS CON DISCAPACIDAD (1 PUNTO) | G7: EMPRENDIMIENTOS Y EMPRESAS DE MUJERES (0,25 PUNTOS) | H7: MIPYME (0,25 PUNTOS) | I7: PUNTAJE TOTAL | J7: OBSERVACIONES
A8: =+'INFORME FINAL'!A6 -> 1 | B8: =+'INFORME FINAL'!B6 -> VELNEC S.A. | C8: =+'FORMULA EXPERIENCIA'!G12 -> 16.302963 | D8: 10 | E8: 20 | F8: 1 | G8: 0.25 | H8: 0.25 | I8: =+C8+D8+F8+H8+E8+G8 -> 47.802963
A9: =+'INFORME FINAL'!A7 -> 2 | B9: =+'INFORME FINAL'!B7 -> ANZA INGENIERIA | C9: =+'FORMULA EXPERIENCIA'!G13 -> 11.017802 | D9: 10 | E9: 20 | F9: 1 | G9: 0.25 | H9: 0.25 | I9: =+C9+D9+F9+H9+E9+G9 -> 42.517802
A10: =+'INFORME FINAL'!A8 -> 3 | B10: =+'INFORME FINAL'!B8 -> JET INGENIERIA SAS | C10: 68.5 | D10: 10 | E10: 20 | F10: 1 | G10: 0.25 | H10: 0.25 | I10: =+C10+D10+F10+H10+E10+G10 -> 100
A11: =+'INFORME FINAL'!A9 -> 4 | B11: =+'INFORME FINAL'!B9 -> CONSORCIO TEATRO AM | J11: RECHAZADO
A12: =+'INFORME FINAL'!A10 -> 5 | B12: =+'INFORME FINAL'!B10 -> HUPK S.A.S. | C12: =+'FORMULA EXPERIENCIA'!G16 -> 28.625529 | D12: 10 | E12: 20 | F12: 1 | G12: 0.25 | H12: 0.25 | I12: =+C12+D12+F12+H12+E12+G12 -> 60.125529 | J12: No tiene el formato de MIPYME - acreditado por el RUP
A13: =+'INFORME FINAL'!A11 -> 6 | B13: =+'INFORME FINAL'!B11 -> GB10 CONSULTORES S.A.S. | C13: =+'FORMULA EXPERIENCIA'!G17 -> -2.7518671 | D13: 10 | E13: 20 | F13: 1 | G13: 0.25 | H13: 0.25 | I13: =+C13+D13+F13+H13+E13+G13 -> 28.748133
A14: =+'INFORME FINAL'!A12 -> 7 | B14: =+'INFORME FINAL'!B12 -> Camilo Moncaleano | J14: RECHAZADO
A15: =+'INFORME FINAL'!A13 -> 8 | B15: =+'INFORME FINAL'!B13 -> CONSORCIO ING SERVITÁ | C15: =+'FORMULA EXPERIENCIA'!G19 -> 36.463558 | D15: 10 | E15: 20 | F15: 1 | G15: 0.25 | H15: 0.25 | I15: =+C15+D15+F15+H15+E15+G15 -> 67.963558 | J15: INGECINCO PEQUEÑA EMPRESA. RUP GRUP ASV MICROEMPRESA
A16: =+'INFORME FINAL'!A14 -> 9 | B16: =+'INFORME FINAL'!B14 -> flm ingenieros contratistas consultores S.A.S. | C16: =+'FORMULA EXPERIENCIA'!G20 -> 12.024213 | D16: 10 | E16: 20 | F16: 1 | G16: 0.25 | H16: 0.25 | I16: =+C16+D16+F16+H16+E16+G16 -> 43.524213 | J16: SE VERIFICA EN EL RUP TAMAÑO DE LA EMPRESA
A17: =+'INFORME FINAL'!A15 -> 10 | B17: =+'INFORME FINAL'!B15 -> R&M CONSTRUCCIONES E INTERVENTORIAS S.A.S. | C17: =+'FORMULA EXPERIENCIA'!G21 -> 9.781811 | D17: 10 | E17: 20 | F17: 1 | G17: 0.25 | H17: 0.25 | I17: =+C17+D17+F17+H17+E17+G17 -> 41.281811
A18: =+'INFORME FINAL'!A16 -> 11 | B18: =+'INFORME FINAL'!B16 -> IA ingenieria y Arquitectura de Colombia SAS | C18: =+'FORMULA EXPERIENCIA'!G22 -> 25.951698 | D18: 10 | E18: 20 | F18: 1 | G18: 0.25 | H18: 0.25 | I18: =+C18+D18+F18+H18+E18+G18 -> 57.451698
A19: =+'INFORME FINAL'!A17 -> 12 | B19: =+'INFORME FINAL'!B17 -> PROYECTOS URBANOS Y CONSTRUCCIONES DEL CARIBE S.A.S | J19: RECHAZADO
A20: =+'INFORME FINAL'!A18 -> 13 | B20: =+'INFORME FINAL'!B18 -> KRIBA INGENIEROS LTDA | J20: RECHAZADO

Sheet FORMULA EXPERIENCIA
B1: FACTOR PONDERABLE EXPERIENCA- MEDIA ARITMETICA ALTA
B2: Para la asignación de puntaje, se tomará el promedio de los contratos válidos aportados expresados en SMMLV registrados en el RUP o en alguno de los documentos válidos señalados en el numeral Documentos Válidos para la Acreditación de la Experiencia Requerida, que acredite su experiencia relacionada en el RUP, y que en total hayan cumplido con lo mencionado en el literal A de esta sección. Dicho promedio será el valor que lo hará participar para la asignación del puntaje
G7: SMMLV
D8: n = | E8: Número de propuestas hábiles
E9: Puntaje Maximo
B11: No. | C11: OFERENTES | D11: NÚMERO SMMLV APORTADOS | E11: No. De Contratos Validados | F11: Promedio SMMLV | G11: Puntaje M.C.V.A | H11: OBSERVACIONES
B12: 1 | C12: =+'INFORME FINAL'!B6 -> VELNEC S.A. | D12: =+'EVALUACION TECNICA PROPONE HAB'!E17 -> 488.565 | E12: =+'EVALUACION TECNICA PROPONE HAB'!A17 -> 3 | F12: =+D12/E12 -> 162.855 | G12: =+$G$31*(1-(($G$30-F12)/($G$30))) -> 16.302963
B13: 2 | C13: =+'INFORME FINAL'!B7 -> ANZA INGENIERIA | D13: =+'EVALUACION TECNICA PROPONE HAB'!E27 -> 110.06 | E13: =+'EVALUACION TECNICA PROPONE HAB'!A31 -> 1 | F13: =+D13/E13 -> 110.06 | G13: =+$G$31*(1-(($G$30-F13)/($G$30))) -> 11.017802
B14: 3 | C14: =+'INFORME FINAL'!B8 -> JET INGENIERIA SAS | D14: =+'EVALUACION TECNICA PROPONE HAB'!E45 -> 1545.5355 | E14: =+'EVALUACION TECNICA PROPONE HAB'!A45 -> 3 | F14: =+D14/E14 -> 515.1785 | G14: =+$G$31*(1-(($G$30-F14)/($G$30))) -> 51.573092 | H14: 68.5
B15: 4 | C15: =+'INFORME FINAL'!B9 -> CONSORCIO TEATRO AM | H15: RECHAZADO | J15: SEGUNDO DIA HABIL APERTURA DE OFERTAS: | N15: 45146 | O15: 4077.9
B16: 5 | C16: =+'INFORME FINAL'!B10 -> HUPK S.A.S. | D16: =+'EVALUACION TECNICA PROPONE HAB'!E72 -> 857.846 | E16: =+'EVALUACION TECNICA PROPONE HAB'!A72 -> 3 | F16: =+D16/E16 -> 285.94867 | G16: =+$G$31*(1-(($G$30-F16)/($G$30))) -> 28.625529
B17: 6 | C17: =+'INFORME FINAL'!B11 -> GB10 CONSULTORES S.A.S. | D17: =+'EVALUACION TECNICA PROPONE HAB'!E86 -> 4160.576 | E17: =+'EVALUACION TECNICA PROPONE HAB'!A86 -> 4 | F17: =+D17/E17 -> 1040.144 | G17: =+$G$31*(1-2*(ABS($G$30-F17)/($G$30))) -> -2.7518671
B18: 7 | C18: =+'INFORME FINAL'!B12 -> Camilo Moncaleano | H18: RECHAZADO
B19: 8 | C19: =+'INFORME FINAL'!B13 -> CONSORCIO ING SERVITÁ | D19: =+'EVALUACION TECNICA PROPONE HAB'!E114 -> 728.49 | E19: =+'EVALUACION TECNICA PROPONE HAB'!A114 -> 2 | F19: =+D19/E19 -> 364.245 | G19: =+$G$31*(1-(($G$30-F19)/($G$30))) -> 36.463558
B20: 9 | C20: =+'INFORME FINAL'!B14 -> flm ingenieros contratistas consultores S.A.S. | D20: =+'EVALUACION TECNICA PROPONE HAB'!E128 -> 360.34 | E20: =+'EVALUACION TECNICA PROPONE HAB'!A128 -> 3 | F20: =+D20/E20 -> 120.11333 | G20: =+$G$31*(1-(($G$30-F20)/($G$30))) -> 12.024213
B21: 10 | C21: =+'INFORME FINAL'!B15 -> R&M CONSTRUCCIONES E INTERVENTORIAS S.A.S. | D21: =+'EVALUACION TECNICA PROPONE HAB'!E141 -> 293.14 | E21: =+'EVALUACION TECNICA PROPONE HAB'!A141 -> 3 | F21: =+D21/E21 -> 97.713333 | G21: =+$G$31*(1-(($G$30-F21)/($G$30))) -> 9.781811
B22: 11 | C22: =+'INFORME FINAL'!B16 -> IA ingenieria y Arquitectura de Colombia SAS | D22: =+'EVALUACION TECNICA PROPONE HAB'!E155 -> 777.717 | E22: =+'EVALUACION TECNICA PROPONE HAB'!A155 -> 3 | F22: =+D22/E22 -> 259.239 | G22: =+$G$31*(1-(($G$30-F22)/($G$30))) -> 25.951698
B23: 12 | C23: =+'INFORME FINAL'!B17 -> PROYECTOS URBANOS Y CONSTRUCCIONES DEL CARIBE S.A.S | H23: RECHAZADO
B24: 13 | C24: =+'INFORME FINAL'!B18 -> KRIBA INGENIEROS LTDA | H24: RECHAZADO
B25: CALCULO
F28: VMAX | G28: =+F17 -> 1040.144
F29: X | G29: =AVERAGE(F12,F14,F13,F16,F17,F19,F20,F21,F22) -> 328.38854
F30: XA | G30: =(G28+G29)/2 -> 684.26627
F31: PUNTAJE MAXIMO | G31: 68.5
